 Dungeon Crawl Stone Soup version 0.31-a0-344-gd109795599 (webtiles) character file.

Game seed: 12633472991183942262

8 GordonOverkill the Sneak (level 2, -11/24 HPs)
             Began as a Mummy Delver on July 22, 2023.
             Killed from afar by an orc wizard (13 damage)
             ... with a puff of flame
             ... on level 7 of the Dungeon.
             The game lasted 00:02:45 (356 turns).

GordonOverkill the Sneak (Mummy Delver)              Turns: 356, Time: 00:02:45

Health: -11/24     AC:  4    Str: 15    XL:     2   Next: 0%
Magic:  2/2        EV: 11    Int:  9    God:
Gold:   63         SH:  0    Dex: 13    Spells: 1/1 levels left

rFire   x . .        g - +2 falchion (heavy)
rCold   + . .        (no shield)
rNeg    + + +        b - +0 leather armour
rPois   ∞            (no helmet)
rElec   .            j - +0 cloak
rCorr   .            (no gloves)
SInv    .            (no boots)
Will    .....        (no amulet)
Stlth   +            (no ring)
HPRegen 0.24/turn    (no ring)
MPRegen 0.08/turn

%: faith
@: confused
A: cold resistance 1, negative energy resistance 3, torment resistance 2, heat
vulnerability 1, no potions, faith
a: no special abilities


You were on level 7 of the Dungeon.
You visited 1 branch of the dungeon, and saw 3 of its levels.

You collected 63 gold pieces.

Inventory:

Hand Weapons
 a - a +0 short sword
 g - a +2 heavy falchion (weapon)
Armour
 b - a +0 leather armour (worn)
 j - a +0 cloak (worn)
Wands
 f - a wand of digging (3)
Scrolls
 c - 2 scrolls of fog
 d - a scroll of revelation
 e - 2 scrolls of fear
 h - a scroll of noise {unknown}


   Skills:
 - Level 3.0 Fighting
 - Level 1.5 Short Blades
 + Level 1.3 Throwing
 - Level 1.5 Dodging
 - Level 4.1 Stealth


You had one spell level left.
You didn't know any spells.
Your spell library was empty.

Dungeon Overview and Level Annotations

Branches:
Dungeon (7/15)
 Temple: D:4-7

Altars:
Kikubaaqudgha

Annotations:
D:6 exclusions: iguana, jelly and wyvern


Innate Abilities, Weirdness & Mutations

You are immune to poison.
Your flesh is cold resistant. (rC+)
You are immune to negative energy. (rN+++)
You are immune to unholy pain and torment.
You are vulnerable to heat. (rF-)
You do not drink.
You have a special connection with the divine. (Faith)


Message History

You kill the orc!
The orc misses you.
An orc wizard comes into view. It is wielding a +0 dagger.
The orc misses you.
You have reached level 2!
The orc barely misses you.
Things that are here:
a +0 hand axe; a +0 leather armour
There is an open door here.
There is a stone staircase leading up here.
The orc hits you but does no damage.
You climb upwards.
Level annotation: exclusions: iguana, jelly and wyvern
There is a stone staircase leading down here.
You start resting.
HP restored.
You climb downwards.
The orc barely misses you.
The orc hits you from afar with a +0 trident.
There is a stone staircase leading up here.
The orc wizard casts a spell at you.
You are confused.
The orc closely misses you.
The orc hits you with a +2 flail of holy wrath.
You convulse.
In your confused state, you trip and fall back down the stairs.
* * * LOW HITPOINT WARNING * * *
The orc barely misses you.
The orc hits you with a +2 flail of holy wrath.
* * * LOW HITPOINT WARNING * * *
You convulse.
* * * LOW HITPOINT WARNING * * *
The orc hits you from afar with a +0 trident.
* * * LOW HITPOINT WARNING * * *
The orc hits you but does no damage.
In your confused state, you trip and fall back down the stairs.
* * * LOW HITPOINT WARNING * * *
The orc wizard gestures at you while chanting.
The puff of flame hits you! The fire burns you terribly!
Ouch! That really hurt!
You die...

#.. #.########
##..........
...........
###..........
#...........
#.........#
#..@o....>#
#...oo....#
###.#'###.o.
...#.# .
.....#)###....
.......#.).o..o.
.......#####).((
.......# .(
......#


You could see an orc wizard and 3 orcs.

Vanquished Creatures
  4 orcs (D:7)
4 creatures vanquished.

Notes
Turn   | Place    | Note
-------+----------+-------------------------------------------
     0 | D:5      | GordonOverkill the Mummy Delver began the quest for the
                  | Orb.
     0 | D:5      | Reached XP level 1. HP: 18/18 MP: 1/1
     1 | D:6      | Found an ancient bone altar of Kikubaaqudgha.
    38 | D:6      | Noticed a wyvern
    80 | D:6      | Noticed an orc wizard
   172 | D:6      | Noticed a jelly
   271 | D:6      | Noticed an iguana
   314 | D:7      | Reached skill level 1 in Throwing
   314 | D:7      | Noticed an orc wizard
   315 | D:7      | Reached XP level 2. HP: 15/24 MP: 2/2
   356 | D:7      | Killed from afar by an orc wizard

Illustrated notes

Levels and vault maps discovered:
D:5:      layout_basic, gammafunk_temple_overflow_claw, uniq_ijyb
D:6:      layout_gridville, overflow_temple_1_default,
          nicolae_sif_muna_condensation, mainiacjoe_overflow_catch_the_wave,
          corexii_shack
D:7:      kennysheep_seaside_town, layout_basic, amcnicky_mini_pool_small

Skill      XL: |  1 |
---------------+----+-----
Throwing       | 1 |  1.3
Fighting       | |  3.0
Short Blades   | |  1.5
Dodging        | |  1.5
Stealth        | |  4.1

Action                     || total
---------------------------++-------
  Melee: Falchion          ||     5
  Throw: Javelin           ||     2
 Armour: Leather armour    ||     3
  Dodge: Dodged            ||    11

Table legend: (Time is in decaauts)
 A = Elapsed time spent in this place.
 B = Non-inter-level travel time spent in this place.
 C = Inter-level travel time spent in this place.
 D = Time resting spent in this place.
 E = Time spent auto-exploring this place.
 F = Levels seen in this place.
 G = Mean time per level.
                   A        B        C        D        E       F      G
               +--------+--------+--------+--------+--------+-----+--------+
         Total |    361 |    361 |      0 |     29 |      0 |   3 |  120.3 |
       Dungeon |    361 |    361 |      0 |     29 |      0 |   3 |  120.3 |
               +--------+--------+--------+--------+--------+-----+--------+

Top non-repeatable levels by time:
     D:6: 324 daAuts
     D:7: 35 daAuts
     D:5: 1 daAuts
